AoeStats
← Rosa Mélano

Arabia

509518063Analyzed
3v3 RM · 6d ago on Sep 27, 2026· 27m 41s· 6 players
Game mode
Random Map
Map size
Normal (6 player)
Population
200
Speed
Normal
Resources
Standard
Victory
Conquest
Starting age
Dark Age
Ending age
Imperial Age
RankedLock teamsTeams togetherTeam positionsShared explorationLock speedFull tech treeHidden civsTurbo modeCheats
Victory
Defeat
🇨🇱 Persians · Chile
1206
+14
🇨🇱 Mongols · Chile
1203
+14
🇨🇱 Saracens · Chile
1201
+14
🇨🇳 Franks · China
1186
-15
🇵🇪 Malians · Peru
1163
-14
🇲🇽 Goths · Mexico
1142
-13
ic.adelira
9:31 Feudal Age
9:32 Man-at-Arms
11:13 Double-Bit Axe
AdamSvp21
5:20 Loom
9:22 Feudal Age
18:58 Wheelbarrow
29:05 Castle Age
犹豫就会败北
2:15 Loom
12:38 Feudal Age
Teórico
8:07 Loom
10:15 Feudal Age
11:39 Double-Bit Axe
16:11 Fletching
17:44 Padded Archer Armor
20:47 Wheelbarrow
24:07 Castle Age
22:19 Stone Mining
25:03 Bodkin Arrow
24:31 Crossbowman
Rosa Mélano
6:14 Loom
8:37 Feudal Age
10:07 Double-Bit Axe
19:51 Castle Age
17:58 Horse Collar
18:31 Forging
18:57 Gold Mining
20:40 Bow Saw
20:44 Bloodlines
20:35 Husbandry
22:23 Iron Casting
21:53 Scale Barding Armor
26:19 Scale Barding Armor
26:06 Town Watch
26:57 Wheelbarrow
Kerry Caverga
5:59 Loom
9:11 Feudal Age
19:54 Man-at-Arms
20:35 Fletching
21:38 Padded Archer Armor
27:00 Castle Age
27:05 Crossbowman
27:54 Thumb Ring
27:46 Bodkin Arrow
Connection lost

Rejoining the realm…

Still unreachable

The connection could not be restored.

Session expired

The server has moved on; the page needs a fresh start.